 Dungeon Crawl Stone Soup version 0.24.0-37-gcf1ca852f1 (webtiles) character file.

Game seed: 9329150619903198332, levelgen mode: deterministic

1969 Luthien the Thaumaturge (level 9, -3/45 HPs)
             Began as a Deep Elf Conjurer on Dec 6, 2019.
             Killed by divine providence
             ... invoked by an orc priest
              (16 damage)
             ... on level 6 of the Dungeon.
             The game lasted 00:30:00 (7410 turns).

Luthien the Thaumaturge (Deep Elf Conjurer)         Turns: 7410, Time: 00:30:01

Health: -3/45      AC:  8    Str:  5    XL:     9   Next: 0%
Magic:  13/24      EV: 15    Int: 21    God:
Gold:   268        SH:  0    Dex: 18    Spells: 16/27 levels left

rFire    . . .     SeeInvis .   N - +2 falchion (protect)
rCold    . . .     Gourm    .   (no shield)
rNeg     . . .     Faith    .   K - +3 leather armour {rPois}
rPois    +         Spirit   .   B - +0 helmet
rElec    .         Reflect  .   (no cloak)
rCorr    .         Harm     .   L - +0 pair of gloves
MR       .....                  (no boots)
Stlth    +++.......             (no amulet)
HPRegen  0.15/turn              (no ring)
MPRegen  0.19/turn              (no ring)

@: no status effects
A: no striking features
a: no special abilities


You were on level 6 of the Dungeon.
You were not hungry.

You visited 2 branches of the dungeon, and saw 7 of its levels.

You collected 268 gold pieces.

Inventory:

Hand Weapons
 i - a +0 club
 q - a +0 short sword
 C - a +0 long sword of slicing
 I - a +0 long sword
 N - a +2 falchion of protection (weapon)
Missiles
 f - 360 stones (quivered)
 h - 38 bolts
 n - 29 poisoned darts
 p - 46 sling bullets
 s - 3 boomerangs
 M - 38 arrows
Armour
 a - a +0 robe
 b - a +0 leather armour
 l - a +0 robe
 A - a +0 animal skin
 B - a +0 helmet (worn)
 K - a +3 leather armour of poison resistance (worn)
 L - a +0 pair of gloves (worn)
 O - a +0 ring mail
Jewellery
 j - a +2 amulet of reflection {unknown}
 G - a +3 ring of evasion {unknown}
Wands
 t - a wand of acid (6)
 Q - a wand of polymorph (12)
Scrolls
 d - a scroll of amnesia {unknown}
 e - a scroll of noise {unknown}
 m - a scroll of enchant weapon {unknown}
 r - a scroll of magic mapping {unknown}
 u - 2 scrolls of fear {unknown}
 x - 2 scrolls of teleportation {unknown}
 y - 3 scrolls of identify {unknown}
 D - a scroll of blinking {unknown}
 E - 2 scrolls of remove curse {unknown}
 P - a scroll of random uselessness {unknown}
 R - a scroll of enchant armour {unknown}
Potions
 g - 2 potions of curing {unknown}
 k - 2 potions of brilliance {unknown}
 o - 3 potions of heal wounds {unknown}
 v - a potion of lignification {unknown}
 w - 2 potions of invisibility {unknown}
 z - a potion of flight {unknown}
 F - a potion of degeneration {unknown}
 H - a potion of haste {unknown}
 J - a potion of resistance {unknown}
Comestibles
 c - 16 rations


   Skills:
 - Level 5.9 Dodging
 - Level 6.3 Stealth
 + Level 9.5 Spellcasting
 + Level 8.8 Conjurations


You had 16 spell levels left.
You knew the following spells:

 Your Spells              Type           Power        Failure   Level  Hunger
a - Magic Dart            Conj           ####         1%          1    None
b - Searing Ray           Conj           #####.       1%          2    None
c - Iskenderun's Mystic   Conj           #####...     3%          4    ##.....
d - Fulminant Prism       Conj/Hex       ####......   19%         4    ##.....

Your spell library contained the following spells:

 Spells                   Type           Power        Failure   Level  Hunger
 Dazzling Spray           Conj/Hex       ####..       5%          3    None
 Stone Arrow              Conj/Erth      ####..       5%          3    None
 Sandblast                Erth           ##....       12%         1    None
 Passwall                 Tmut/Erth      ##......     17%         2    None
 Force Lance              Conj/Tloc      ####....     19%         4    ##.....
 Petrify                  Tmut/Erth      ##......     75%         4    ##.....
 Lee's Rapid Deconstruct  Erth           ##........   97%         5    ####...


Dungeon Overview and Level Annotations

Branches:
Dungeon (6/15)             Temple (1/1) D:6

Altars:
Ashenzari
Cheibriados
Dithmenos
Elyvilon
Fedhas
Hepliaklqana
Kikubaaqudgha
Makhleb
Nemelex Xobeh
Qazlal
Ru
Sif Muna
Trog
Uskayaw
Wu Jian
Xom
Yredelemnul
Zin
The Shining One


Message History

The orc wizard mumbles some strange words.
The orc wizard flickers and vanishes!
Deactivating autopickup; reactivate with Ctrl-A.
An orc priest comes into view.
The searing ray hits the orc warrior.
The orc warrior is heavily wounded.
The orc warrior hits you from afar with a +0 halberd!
The searing ray misses the orc warrior.
The searing ray hits the orc priest!
The orc priest is severely wounded.
The orc warrior misses you.
The searing ray hits the orc warrior!
The orc warrior is almost dead.
You finish channeling your searing ray.
The orc priest shouts!
The orc warrior hits you from afar with a +0 halberd!!
Ouch! That really hurt!
* * * LOW HITPOINT WARNING * * *
The orc priest calls down the wrath of Beogh upon you.
Beogh smites you!
You die...

.# .. .. #.# # ... ...
# #.#######o#
#.#.....#o# #.#.###.#{#
#.#.#...#o#######
#.#.#.#..........
########.....#.#@######
...............#.#
.........#.###.#..
########...# #.####
#.### #.# ### ###


You could see an orc warrior and 2 orc priests.

Vanquished Creatures
  Pikel (D:5)
  Grinder (D:5)
  Eustachio (D:5)
  2 ice beasts
  A sky beast (D:6)
  2 slaves (D:5)
  A necrophage (D:6)
  2 ogres (D:5)
  2 crimson imps
  A centaur zombie (D:5)
  2 hounds (D:4)
  A bullfrog zombie (D:5)
  An orc priest (D:3)
  2 centaur skeletons
  An iguana (D:5)
  2 orc wizards
  3 worker ants
  Robin (D:4)
  6 gnolls
  3 adders
  An ooze (D:4)
  3 adder skeletons
  A worm (D:3)
  2 dart slugs
  2 leopard geckos (D:1)
  12 orcs
  12 bats
  5 giant cockroaches
  14 goblins
  10 hobgoblins
  2 quokkas (D:6)
  4 frilled lizards
  10 kobolds
  12 rats
126 creatures vanquished.

Notes
Turn   | Place    | Note
-------+----------+-------------------------------------------
     0 | D:1      | Luthien the Deep Elf Conjurer began the quest for the Orb.
     0 | D:1      | Reached XP level 1. HP: 10/10 MP: 6/6
   290 | D:1      | Reached XP level 2. HP: 15/15 MP: 6/8
   294 | D:1      | Learned a level 2 spell: Searing Ray
   884 | D:1      | Reached XP level 3. HP: 13/19 MP: 1/10
  1133 | D:2      | Found a blossoming altar of Fedhas.
  1535 | D:2      | Found a faded altar of an unknown god.
  1604 | D:2      | Found a glowing golden altar of the Shining One.
  2009 | D:3      | Reached skill level 4 in Spellcasting
  2009 | D:3      | Reached XP level 4. HP: 24/24 MP: 8/12
  2159 | D:3      | Found a blossoming altar of Fedhas.
  2168 | D:3      | Found a white marble altar of Elyvilon.
  2264 | D:3      | Reached skill level 5 in Conjurations
  2615 | D:3      | Found a hide-covered altar of Uskayaw.
  2619 | D:3      | Found a shimmering altar of Xom.
  2798 | D:4      | Reached XP level 5. HP: 28/28 MP: 10/13
  2995 | D:4      | Noticed Robin
  3148 | D:4      | Killed Robin
  3728 | D:4      | Found a sacrificial altar of Ru.
  3746 | D:4      | Reached skill level 5 in Spellcasting
  3746 | D:4      | Reached XP level 6. HP: 28/32 MP: 7/15
  4134 | D:5      | Entered Level 5 of the Dungeon
  4168 | D:5      | Reached skill level 5 in Stealth
  4247 | D:5      | Found a bloodstained altar of Trog.
  4507 | D:5      | Noticed a slave
  4508 | D:5      | Noticed a slave
  4508 | D:5      | Noticed a slave
  4509 | D:5      | Noticed a slave
  4510 | D:5      | Noticed Pikel
  4519 | D:5      | Killed a slave
  4913 | D:5      | Learned a level 4 spell: Iskenderun's Mystic Blast
  4918 | D:5      | Learned a level 4 spell: Fulminant Prism
  5006 | D:5      | Reached skill level 5 in Dodging
  5006 | D:5      | Reached XP level 7. HP: 31/36 MP: 9/17
  5103 | D:5      | Noticed Eustachio
  5114 | D:5      | Killed Eustachio
  5118 | D:5      | Reached skill level 6 in Spellcasting
  5412 | D:5      | Found an ancient bone altar of Kikubaaqudgha.
  5464 | D:5      | Noticed Grinder
  5473 | D:5      | Killed Grinder
  5772 | D:5      | Killed Pikel
  5772 | D:5      | Reached skill level 8 in Spellcasting
  5772 | D:5      | Reached XP level 8. HP: 41/41 MP: 4/22
  6428 | D:6      | Found a shattered altar of Ashenzari.
  6475 | D:6      | Reached skill level 9 in Spellcasting
  7124 | D:6      | Found a staircase to the Ecumenical Temple.
  7164 | Temple   | Entered the Ecumenical Temple
  7404 | D:6      | Reached XP level 9. HP: 45/45 MP: 19/24
  7410 | D:6      | Killed from afar by an orc priest

Levels and vault maps discovered:
D:1:      matt_arrival_grand_opening, layout_loops_cross,
          chequers_serial_rivers_marsh, st_stairs_5
D:2:      layout_rooms, overflow_temple_1_default,
          chequers_ecumenical_altar_simple_redux, nicolae_tso_carved_into_rock
D:3:      layout_loops_cross, overflow_temple_1_default, minitemple,
          first_ration, fedhas_altar_1
D:4:      layout_loops_corners, hangedman_ru_absence, uniq_robin
D:5:      layout_basic, lemuel_doored_altar, trog_hazing_becter, uniq_grinder,
          uniq_eustachio, uniq_pikel
D:6:      layout_basic, nicolae_ashenzari_panopticon, minmay_temple_entry_tees
Temple:   jpeg_temple_clearing

Skill      XL: |  1  2  3  4  5  6  7  8 |
---------------+-------------------------+-----
Stealth        | 3 4 5 6 |  6.3
Dodging        | 3 4 5 |  5.9
Spellcasting   | 4 5 8 9 |  9.5
Conjurations   | 5 6 7 8 |  8.8

Action                   |  1- 3 |  4- 6 |  7- 9 || total
-------------------------+-------+-------+-------++-------
Melee: Short sword       |       |     4 |       ||     4
Throw: Stone             |       |     3 |       ||     3
 Cast: Magic Dart        |    83 |    78 |    44 ||   205
       Searing Ray       |     5 |    21 |    31 ||    57
  Eat: Chunk             |     3 |     9 |     4 ||    16
       Ration            |       |       |     1 ||     1
Armor: Leather armour    |     1 |     3 |     7 ||    11
       Robe              |       |     2 |     2 ||     4
Dodge: Dodged            |     5 |    25 |    23 ||    53
       Rpst.: Long sword |       |     2 |     2 ||     4
       Falchion          |       |       |     4 ||     4
